 Dungeon Crawl Stone Soup version 0.17.1-2-g5865329 (webtiles) character file.

47 Jerry the Gusty (level 3, 0/21 HPs)
             Began as an Octopode Air Elementalist on Jan 27, 2016.
             Succumbed to an adder's poison
             ... on level 2 of the Dungeon.
             The game lasted 00:09:32 (1783 turns).

Jerry the Gusty (Octopode Air Elementalist)         Turns: 1783, Time: 00:09:32

Health: 0/21       AC:  1    Str:  7    XL:     3   Next: 70%
Magic:  6/6        EV: 12    Int: 18    God:
Gold:   0          SH:  0    Dex: 12    Spells: 3 memorised, 2 levels left

rFire  . . .     SeeInvis .     d - +0 club
rCold  . . .     Clarity  .     (no shield)
rNeg   + . .     SustAt   .     (helmet restricted)
rPois  .         Gourm    .     (no amulet)
rElec  .         Spirit   .     h - ring of positive energy
rCorr  .         Warding  .     (no ring)
rMut   .         Stasis   .     (no ring)
MR     .....                    (no ring)
Stlth  +++.......               (no ring)
                                (no ring)
                                (no ring)
                                (no ring)

@: lethally poisoned (0 -> -10), not resistant to hostile enchantments, fairly
stealthy
A: almost no armour, amphibious, 8 rings, constrict 8, camouflage 1, gelatinous
body 1
a: no special abilities


You were on level 2 of the Dungeon.
You were not hungry.

You visited 1 branch of the dungeon, and saw 2 of its levels.

Inventory:

Hand Weapons
 d - a +0 club (weapon)
Jewellery
 h - a ring of positive energy (left tentacle)
Scrolls
 e - a scroll of teleportation {unknown}
 f - a scroll of remove curse {unknown}
Books
 a - a book of Air

   Spells                             Type                      Level
   a - Shock                          Conjuration/Air              1
   b - Swiftness                      Charms/Air                   2
   c - Repel Missiles                 Charms/Air                   2
   d - Static Discharge               Conjuration/Air              3
   e - Lightning Bolt                 Conjuration/Air              5
Comestibles
 b - a bread ration
 g - a meat ration
 i - a chunk of flesh


   Skills:
 + Level 2.4 Dodging
 - Level 2.6 Stealth
 + Level 2.5 Spellcasting
 + Level 1.6 Conjurations
 + Level 0.6 Charms
 + Level 3.4 Air Magic


You had 2 spell levels left.
You knew the following spells:

 Your Spells              Type           Power        Failure   Level  Hunger
a - Shock                 Conj/Air       ##..         8%          1    #......
b - Repel Missiles        Chrm/Air       #.....       12%         2    ##.....
c - Swiftness             Chrm/Air       #.......     12%         2    ##.....


Dungeon Overview and Level Annotations

Branches:
Dungeon (2/15)

Altars:


Innate Abilities, Weirdness & Mutations

You cannot wear most types of armour.
You are amphibious.
You can wear up to eight rings at the same time.
You can use your tentacles to constrict eight enemies at once.
Your skin changes colour to match your surroundings (Stealth).
Your rubbery body absorbs attacks (AC +1).


Message History

You are more poisoned.
The adder poisons you! The adder barely misses you.
You hit the adder. Your grab misses the adder.
The adder is severely wounded.
* * * LOW HITPOINT WARNING * * *
You feel sick. The adder bites you.
* * * LOW HITPOINT WARNING * * *
The adder closely misses you.
You hit the adder but do no damage. You grab the adder.
The adder is severely wounded.
You constrict the adder.
* * * LOW HITPOINT WARNING * * *
You feel sick. The adder closely misses you.
You hit the adder.
You kill the adder!
* * * LOW HITPOINT WARNING * * *
You feel sick.
Drink which item? (? for menu, Esc to quit)
It was a potion of magic.
Magic courses through your body.
You die...

#..... +.....
#..... ####....
#.# #... #.#
#.. #.#
#†####### #.#
#.@.....# #<#
#..####.# #.##
##..#
##.###...##
#.†......#
######.###....#
#.#...## ##...#
#....## ##.....
###### ######


There were no monsters in sight!

Vanquished Creatures
  An adder (D:2)
  A worm (D:2)
  2 giant geckos (D:1)
  2 giant cockroaches (D:1)
  4 goblins (D:1)
  3 hobgoblins (D:1)
  4 jackals (D:1)
  3 kobolds (D:1)
  A ball python (D:1)
  7 bats (D:1)
  2 giant newts (D:1)
  2 rats (D:1)
32 creatures vanquished.

Notes
Turn   | Place    | Note
--------------------------------------------------------------
     0 | D:1      | Jerry the Octopode Air Elementalist began the quest for the Orb.
     0 | D:1      | Reached XP level 1. HP: 11/11 MP: 3/3
   191 | D:1      | Reached XP level 2. HP: 13/17 MP: 5/5
   195 | D:1      | Learned a level 2 spell: Repel Missiles
   261 | D:1      | Learned a level 2 spell: Swiftness
   860 | D:1      | Reached XP level 3. HP: 21/21 MP: 3/6
  1781 | D:2      | HP: 1/21 [poisoned by an adder]
  1783 | D:2      | Succumbed to an adder's poison

Action                   || total
-------------------------++-------
Melee: Unarmed           ||    10
       Club              ||    23
 Cast: Shock             ||    52
  Use: Scroll            ||     1
       Potion            ||     1
 Stab: Sleeping          ||     3
  Eat: Chunk             ||     3
